AoeStats
← HankScorpio006

Nomad

506423341Analyzed
4v4 RM · 17d ago on Sep 13, 2026· 34m 16s· 8 players
Game mode
Random Map
Map size
231×231
Population
200
Speed
Normal
Resources
Standard
Victory
Conquest
Starting age
Dark Age
Ending age
Imperial Age
RankedLock teamsTeams togetherTeam positionsShared explorationLock speedFull tech treeHidden civsTurbo modeCheats
Victory
Defeat
🇮🇳 Turks · India
1062
+17
🇮🇳 Teutons · India
1023
+18
🇻🇳 Dravidians · Vietnam
1010
+19
🇻🇳 Persians · Vietnam
970
+20
🇪🇸 Huns · Spain
1084
-19
🇮🇪 Spanish · Ireland
1083
-19
🇫🇷 Italians · France
1060
-18
🇺🇸 Celts · United States
1051
-18
Choucha Boy
4:25 Loom
14:40 Feudal Age
18:57 Double-Bit Axe
21:40 Castle Age
25:51 Horse Collar
26:24 Bow Saw
28:33 Ballistics
29:51 Fletching
32:19 Treadmill Crane
33:24 Masonry
34:14 Bodkin Arrow
Legendario
4:53 Loom
17:28 Feudal Age
21:03 Castle Age
19:45 Double-Bit Axe
24:45 Forging
24:59 Fletching
28:57 Horse Collar
29:35 Bow Saw
30:32 Wheelbarrow
33:43 Heavy Plow
wolverine
6:36 Loom
18:24 Feudal Age
21:55 Castle Age
25:10 Double-Bit Axe
HankScorpio006
5:08 Loom
13:51 Feudal Age
19:27 Castle Age
17:39 Fletching
20:30 Double-Bit Axe
21:45 Bow Saw
23:12 Wheelbarrow
24:15 Bow Saw
24:04 Bodkin Arrow
25:57 Medium Warships
25:59 Stone Mining
25:57 Horse Collar
27:46 Town Watch
28:38 Gold Mining
28:51 Heavy Plow
28:52 Padded Archer Armor
30:03 Leather Archer Armor
35:35 Imperial Age
sinister is maveric
3:43 Loom
3:46 Loom
14:04 Feudal Age
21:23 Bloodlines
21:25 Forging
24:03 Double-Bit Axe
26:29 Castle Age
25:09 Horse Collar
30:20 Scale Barding Armor
30:51 Iron Casting
30:32 Scale Mail Armor
PopCorn
18:52 Feudal Age
18:28 Loom
22:31 Castle Age
21:54 Wheelbarrow
21:10 Double-Bit Axe
21:08 Horse Collar
26:49 Imperial Age
24:40 Bow Saw
26:45 Thumb Ring
26:43 Padded Archer Armor
27:12 Ballistics
31:09 Heavy Plow
KiuTeaIce
5:34 Loom
17:11 Feudal Age
18:04 Fishing Lines
22:52 Castle Age
21:55 Double-Bit Axe
23:45 Gillnets
24:39 Bow Saw
28:16 Medium Warships
28:24 Medium Warships
31:14 Thumb Ring
33:00 Gold Mining
33:00 Stone Mining
zzzKIM
6:03 Loom
13:09 Feudal Age
19:40 Castle Age
18:29 Double-Bit Axe
18:27 Horse Collar
20:37 Bow Saw
21:28 Fishing Lines
25:08 Gold Mining
33:20 Wheelbarrow
32:43 Pikeman
34:19 Town Watch
Connection lost

Rejoining the realm…

Still unreachable

The connection could not be restored.

Session expired

The server has moved on; the page needs a fresh start.